 Dungeon Crawl Stone Soup version 0.30-a0-360-g447f08457e (webtiles) character file.

Game seed: 11311704931960289082

182 night the Shooter (level 5, -1/33 HPs)
             Began as a Tengu Hunter on Nov 13, 2022.
             Slain by a kobold brigand
             ... wielding a +0 whip
              (7 damage)
             ... in a sewer.
             The game lasted 00:05:11 (2497 turns).

night the Shooter (Tengu Hunter)                    Turns: 2497, Time: 00:05:12

Health: -1/33      AC:  3    Str: 11    XL:     5   Next: 61%
Magic:  6/6        EV: 14    Int: 10    God:
Gold:   111        SH:  0    Dex: 19    Spells: 4/4 levels left

rFire   . . .      SeeInvis .    a - +0 shortbow
rCold   . . .      Faith    .    (shield currently unavailable)
rNeg    . . .      Spirit   .    c - +0 leather armour
rPois   .          Reflect  .    (helmet restricted)
rElec   .          Harm     .    (no cloak)
rCorr   .          Rampage  .    (no gloves)
Will    .....                    (boots unavailable)
Stlth   ++........               (no amulet)
HPRegen 0.25/turn                (no ring)
MPRegen 0.10/turn                (no ring)

@: flying quickly and evasively, quick
A: beak, talons 3, nimble flight
a: no special abilities


You were in a sewer.
You visited 1 branch of the dungeon, and saw 3 of its levels.
You also visited: Sewer.

You collected 111 gold pieces.

Inventory:

Hand Weapons
 a - a +0 shortbow (weapon)
Missiles
 h - 32 stones
Armour
 c - a +0 leather armour (worn)
 l - the +0 ring mail of Weightlessness {rPois Dex-2 SInv Stlth+}
   (You took it off a goblin on level 2 of the Dungeon)

   Dex:       It affects your dexterity (-2).
   rPois:     It protects you from poison.
   SInv:      It lets you see invisible.
   Stlth:     It makes you more stealthy.
Wands
 i - a wand of digging (6)
 n - a wand of acid (7)
Scrolls
 b - 2 scrolls of immolation
 d - a scroll of amnesia
 f - 2 scrolls of identify
 j - a scroll of torment {unknown}
 m - a scroll of silence
 q - a scroll of enchant weapon {unknown}
Potions
 e - a potion of curing {unknown}
 g - 2 potions of attraction {unknown}
 k - a potion of ambrosia {unknown}
 o - a potion of heal wounds {unknown}
 p - a potion of magic {unknown}
 r - 2 potions of might {unknown}


   Skills:
 + Level 4.2 Fighting
 + Level 6.0 Ranged Weapons
 - Level 2.1 Dodging
 - Level 1.0 Stealth


You had 4 spell levels left.
You didn't know any spells.
Your spell library contained the following spells:

 Spells                   Type           Power      Damage    Failure   Level
 Static Discharge         Conj/Air       0%         2-2/arc   58%         2
 Vhi's Electric Charge    Tloc/Air       0%         N/A       83%         3
 Cause Fear               Hex            0%         N/A       99%         4
 Arcjolt                  Conj/Air       0%         1d10      100%        5
 Lightning Bolt           Conj/Air       0%         1d11      100%        5
 Dragon Form              Tmut           0%         N/A       100%        7
 Dragon's Call            Summ           0%         N/A       100%        9


Dungeon Overview and Level Annotations

Branches:
Dungeon (3/15)              Sewer (1/1)

Altars:


Innate Abilities, Weirdness & Mutations

You have a beak for a mouth.
You have claws for feet.
Your magical nature lets you fly swiftly and evasively.


Message History

The kobold brigand hits you with a +0 whip.
You shoot an arrow. The arrow hits the kobold brigand!
The kobold brigand is moderately wounded.
The kobold brigand hits you with a +0 whip.
You shoot an arrow.
The arrow barely misses the kobold brigand.
The arrow hits the kobold zombie!
You destroy the kobold zombie!
The kobold brigand hits you with a +0 whip.
The kobold brigand closely misses you.
You shoot an arrow. The arrow hits the kobold brigand.
The kobold brigand is moderately wounded.
The kobold brigand hits you with a +0 whip.
Aiming: Corrosive Bolt
Press: ? - help, Shift-Dir - straight line, f - kobold zombie, p - kobold brigand
Aim: a kobold zombie (severely damaged, 83% to hit)
The bolt of acid hits the kobold brigand!
The kobold brigand is severely wounded.
The bolt of acid hits the kobold zombie!
The acid corrodes the kobold zombie!
You destroy the kobold zombie!
The kobold brigand hits you with a +0 whip.
* * * LOW HITPOINT WARNING * * *
Fire: a) +0 shortbow
Press: ? - help, Q - select action, (/) - cycle Shift-Dir - straight line, f - kobold brigand
Aim: a kobold brigand, wielding a +0 whip and quivering poisoned darts (severely wounded, 60% to hit)
Okay, then.
Fire: a) +0 shortbow
Press: ? - help, Shift-Dir - straight line, f - kobold brigand
Aim: a kobold brigand, wielding a +0 whip and quivering poisoned darts (severely wounded, 60% to hit)
Aiming: Corrosive Bolt
Press: ? - help, Shift-Dir - straight line, f - bat
Aim: a bat (57% to hit)
The bolt of acid hits the kobold brigand!
The acid corrodes the kobold brigand!
The kobold brigand is almost dead.
The bolt of acid hits the bat!
The acid corrodes the bat!
You kill the bat!
The kobold brigand hits you with a +0 whip!
You die...

#~..#.≈≈≈≈≈≈≈≈≈≈ #+++
#≈~.#..~≈≈≈≈≈≈≈≈ .....
#≈..#...~≈≈≈≈~≈≈
..⌠..###.####.#~###~≈#
⌠.....#...#≈≈.........
.._.).)...≈≈≈≈.......
#)..#≈≈........
##K####.###~##≈ #≈≈@#
..~≈ ~≈≈ #~~.#
.~≈≈≈≈≈≈≈ #≈~.#
~≈≈≈≈≈≈≈≈ #≈~.# ≈≈≈≈≈≈
#~~.# ≈≈≈≈ #~≈.' #####


You could see a kobold brigand (corroded).

Vanquished Creatures
  2 adders (D:2)
  2 shadow imps (Sewer)
  4 ufetubi (Sewer)
  An adder zombie (Sewer)
  5 worms (D:2)
  4 dart slugs
  5 endoplasms
  8 giant cockroaches
  7 goblins
  8 hobgoblins
  7 jackals (D:2)
  9 quokkas
  6 ball pythons
  7 bats
  5 frilled lizards
  11 kobolds
  2 kobold zombies (Sewer)
  5 rats
98 creatures vanquished.

Notes
Turn   | Place    | Note
-------+----------+-------------------------------------------
     0 | D:1      | night the Tengu Hunter began the quest for the Orb.
     0 | D:1      | Reached XP level 1. HP: 12/12 MP: 2/2
     6 | D:1      | Noticed a polar bear
     6 | D:1      | Noticed a snapping turtle
     6 | D:1      | Noticed a hog
     7 | D:1      | Noticed a water moccasin
     7 | D:1      | Noticed a lindwurm
   184 | D:1      | Reached XP level 2. HP: 16/18 MP: 3/3
   427 | D:1      | Reached XP level 3. HP: 22/22 MP: 4/4
   589 | D:1      | Reached skill level 5 in Ranged Weapons
  1106 | D:2      | Reached XP level 4. HP: 28/28 MP: 5/5
  1397 | D:2      | Identified the +0 ring mail of Weightlessness {rPois Dex-2
                  | SInv Stlth+}
  1542 | D:2      | Found a faded altar of an unknown god.
  1940 | D:3      | Gained mutation: Your magical nature lets you fly swiftly
                  | and evasively. [Tengu growth]
  1940 | D:3      | Reached XP level 5. HP: 33/33 MP: 6/6
  2161 | D:3      | Found a glowing drain.
  2199 | Sewer    | Entered a sewer
  2455 | Sewer    | Reached skill level 6 in Ranged Weapons
  2477 | Sewer    | Found an ancient bone altar of Kikubaaqudgha.
  2477 | Sewer    | Noticed a kobold brigand
  2497 | Sewer    | Slain by a kobold brigand

Illustrated notes

Levels and vault maps discovered:
D:1:      onia_arrival_zoo_common, layout_basic, minmay_worlds_worst_comb
D:2:      layout_loops_ring, hellmonk_ecumenical_altar_blasted,
          minmay_pentomino_p4
D:3:      layout_basic, gup_sewer_entry_pipe
Sewer:    kennysheep_sewer_church

Skill      XL: |  1  2  3  4  5 |
---------------+----------------+-----
Ranged Weapons | 5 6 |  6.0
Fighting       | 3 4 |  4.2
Dodging        | |  2.1
Stealth        | |  1.0

Action                   |  1- 3 |  4- 6 || total
-------------------------+-------+-------++-------
 Fire: Shortbow          |   112 |   177 ||   289
Evoke: Wand              |       |     2 ||     2
  Use: Scroll            |       |     2 ||     2
Armor: Leather armour    |    12 |    24 ||    36
       Ring mail         |       |     4 ||     4
Dodge: Dodged            |    47 |   124 ||   171

Table legend: (Time is in decaauts)
 A = Elapsed time spent in this place.
 B = Non-inter-level travel time spent in this place.
 C = Inter-level travel time spent in this place.
 D = Time resting spent in this place.
 E = Time spent auto-exploring this place.
 F = Levels seen in this place.
 G = Mean time per level.
                   A        B        C        D        E       F      G
               +--------+--------+--------+--------+--------+-----+--------+
         Total |   2548 |   2465 |     83 |    146 |   1734 |   4 |  637.0 |
       Dungeon |   2241 |   2158 |     83 |      8 |   1663 |   3 |  747.0 |
         Sewer |    307 |    307 |      0 |    138 |     71 |   1 |  307.0 |
               +--------+--------+--------+--------+--------+-----+--------+

Top non-repeatable levels by time:
     D:2: 1006 daAuts
     D:1: 810 daAuts
     D:3: 424 daAuts
   Sewer: 307 daAuts
